Map: Lightshade LE

Players

Reynor

  • Race: Zerg Zerg

goblin - Winner!

  • Race: Protoss Protoss
  • League: Master

Event: DreamHack SC2 Masters 2021 Summer

VOD

Have the link to the VOD?

Description

Time

  • Played on: May 26, 2021, 10:22 a.m.
  • Length: 19:21

All games in this series

Show
View Real Time Build Order
Export as new Build Order

Reynor Zerg 

Build Orders: Hatch First 

Get SALT Encoding   

  12  0:00  Drone  
  13  0:12  Overlord  
  13  0:16  Drone  
  14  0:30  Drone x2  
  16  0:47  Hatchery  
  15  0:51  Drone  
  15  0:54  Drone  
  17  0:57  Drone  
  18  1:08  Extractor  
  17  1:13  Spawning Pool  
  17  1:16  Drone  
  17  1:19  Drone  
  18  1:27  Drone  
  19  1:38  Drone  
  20  1:48  Overlord  
  20  1:59  Queen  
  20  2:00  Queen, Zergling x4  
  26  2:10  Drone x2  
  26  2:12  Metabolic Boost  
  28  2:21  Drone  
  28  2:22  Drone  
  30  2:32  Hatchery  
  30  2:36  Drone  
  30  2:37  Drone  
  30  2:43  Queen  
  33  2:51  Overlord  
  33  2:53  Drone x2  
  33  2:55  Drone  
  36  3:05  Overlord  
  36  3:11  Drone x3  
  39  3:15  Overlord  
  39  3:16  Drone  
  39  3:19  Queen  
  42  3:27  Zergling x4  
  42  3:29  Overlord  
  42  3:30  Queen  
  46  3:37  Drone  
  47  3:45  Drone x2  
  47  3:48  Drone x2  
  51  3:49  Roach Warren, Zergling x4  
  51  3:52  Overlord  
  52  4:02  Zergling x10  
  57  4:05  Overlord  
  57  4:14  Overlord  
  57  4:15  Queen  
  59  4:24  Drone x5  
  61  4:27  Spore Crawler  
  61  4:29  Spore Crawler  
  61  4:31  Drone  
  63  4:32  Overlord  
  63  4:36  Queen  
  63  4:38  Drone  
  66  4:41  Drone  
  66  4:42  Drone  
  66  4:43  Drone  
  66  4:45  Drone x2  
  71  4:49  Spore Crawler  
  70  4:54  Lair  
  70  4:58  Drone x3  
  73  5:04  Spore Crawler  
  73  5:05  Spore Crawler  
  73  5:06  Queen  
  73  5:13  Overlord  
  73  5:15  Drone x3  
  73  5:17  Drone x2  
  73  5:18  Drone  
  73  5:19  Extractor  
  78  5:25  Drone x2  
  78  5:27  Drone  
  80  5:28  Spore Crawler  
  80  5:31  Overlord  
  80  5:32  Spore Crawler  
  80  5:35  Drone x2  
  80  5:36  Overlord  
  80  5:39  Queen  
  82  5:44  Queen  
  82  5:46  Overlord  
  82  5:48  Drone x2  
  84  5:53  Drone, Nydus Network  
  84  5:54  Queen  
  86  5:59  Overlord  
  86  6:03  Roach x3  
  90  6:06  Roach x2  
  94  6:14  Queen, Overlord  
  94  6:18  Roach x2  
  100  6:21  Overlord  
  100  6:23  Queen  
  102  6:30  Drone x2  
  97  6:36  Nydus Canal, Queen  
  96  6:40  Overlord  
  96  6:41  Drone x2  
  96  6:43  Drone  
  96  6:46  Roach x3  
  96  6:47  Roach  
  107  6:48  Overlord  
  107  6:49  Roach  
  107  6:50  Queen  
  107  6:52  Overlord  
  111  6:59  Spore Crawler  
  111  7:00  Spore Crawler  
  111  7:01  Queen  
  111  7:04  Overlord  
  111  7:12  Queen  
  109  7:19  Drone x4  
  109  7:22  Nydus Canal  
  103  7:23  Overlord  
  103  7:26  Queen  
  95  7:31  Spore Crawler x2  
  95  7:33  Roach x2  
  95  7:36  Drone x2, Queen  
  93  7:39  Spore Crawler  
  93  7:41  Spore Crawler x2  
  86  7:46  Roach x4  
  86  7:48  Drone x6  
  86  7:49  Queen  
  86  7:51  Extractor, Ravager x2  
  99  7:52  Extractor  
  99  7:53  Overlord  
  99  7:54  Evolution Chamber  
  99  7:55  Roach  
  97  7:59  Overlord  
  97  8:02  Ravager x2  
  97  8:05  Queen  
  97  8:06  Roach x2  
  97  8:07  Drone  
  97  8:08  Drone  
  103  8:14  Spore Crawler x3  
  103  8:19  Overlord  
  100  8:23  Roach  
  100  8:24  Roach x3  
  100  8:25  Roach  
  96  8:28  Roach  
  96  8:29  Roach  
  96  8:32  Roach  
  93  8:35  Roach  
  93  8:38  Roach  
  93  8:41  Zergling x8  
  99  8:42  Zergling x2  
  99  8:44  Roach  
  99  8:47  Extractor, Queen  
  105  8:48  Ravager  
  105  8:50  Roach  
  105  8:54  Drone x2  
  110  9:01  Roach x2  
  110  9:02  Roach x2  
  107  9:04  Overlord  
  107  9:07  Ravager  
  107  9:08  Ravager  
  98  9:11  Overlord  
  98  9:14  Roach x3  
  98  9:15  Ravager  
  102  9:17  Overlord  
  102  9:19  Overlord  
  101  9:28  Overlord  
  97  9:39  Overlord x4  
  97  9:43  Spore Crawler  
  97  9:44  Spore Crawler  
  76  9:55  Roach  
  76  9:57  Roach  
  76  9:58  Roach x4  
  76  9:59  Roach x2  
  81  10:00  Roach x2  
  85  10:08  Queen x2  
  85  10:12  Drone x3  
  92  10:17  Zerg Missile Weapons Level 1  
  92  10:21  Overlord  
  92  10:22  Glial Reconstitution  
  92  10:28  Spore Crawler  
  92  10:29  Overlord  
  91  10:37  Overlord  
  91  10:38  Queen, Overlord  
  91  10:40  Ravager  
  91  10:41  Ravager  
  91  10:42  Roach  
  97  10:46  Drone  
  97  10:49  Overlord  
  98  10:51  Queen  
  98  10:56  Drone x2  
  102  10:58  Ravager x2, Spore Crawler, Infestation Pit  
  102  10:59  Roach  
  102  11:01  Roach  
  102  11:03  Extractor  
  105  11:10  Drone x4  
  107  11:12  Drone x3  
  107  11:15  Drone  
  107  11:18  Overlord  
  105  11:22  Queen  
  101  11:30  Overlord  
  96  11:33  Drone x2  
  96  11:34  Drone x2  
  96  11:35  Drone  
  96  11:37  Drone  
  95  11:41  Drone  
  95  11:44  Infestor  
  98  11:47  Infestor  
  98  11:51  Infestor  
  98  11:53  Drone  
  103  11:57  Drone  
  103  11:59  Queen  
  101  12:08  Overlord  
  101  12:10  Drone x5  
  101  12:15  Infestor  
  108  12:16  Overlord  
  108  12:19  Infestor  
  108  12:27  Hive  
  108  12:28  Queen  
  110  12:33  Roach x2  
  114  12:42  Zerg Ground Armor Level 1  
  114  12:43  Roach x2  
  120  12:44  Ravager x2  
  120  12:46  Roach  
  120  12:48  Roach  
  124  13:07  Hatchery  
  124  13:09  Roach x3  
  124  13:10  Overlord  
  129  13:16  Overlord  
  129  13:19  Infestor  
  127  13:25  Neural Parasite, Overlord  
  129  13:27  Burrow  
  129  13:29  Roach  
  129  13:30  Roach  
  129  13:34  Drone x3  
  132  13:35  Drone  
  132  13:38  Drone  
  132  13:39  Drone  
  127  13:41  Drone  
  127  13:45  Viper  
  130  13:50  Viper  
  133  13:56  Viper  
  133  13:59  Roach  
  138  14:04  Roach x2  
  138  14:08  Overlord  
  142  14:12  Roach  
  142  14:15  Overlord  
  142  14:23  Drone  
  142  14:24  Drone x4  
  147  14:31  Ravager x3  
  150  14:32  Roach  
  150  14:36  Roach  
  150  14:38  Ravager x3  
  157  14:39  Ravager  
  156  14:48  Roach x3  
  156  14:51  Roach  
  164  14:53  Overlord  
  164  14:58  Roach x2  
  164  14:59  Drone x12  
  166  15:08  Drone x4  
  166  15:09  Drone  
  166  15:10  Drone x2  
  168  15:17  Zerg Missile Weapons Level 2  
  168  15:19  Infestor x6  
  168  15:20  Overlord  
  168  15:28  Overseer  
  168  15:31  Overlord x2  
  168  15:39  Infestor x3  
  168  15:40  Infestor  
  176  15:45  Spore Crawler  
  176  15:46  Extractor, Drone  
  176  15:47  Extractor, Drone  
  176  15:49  Drone  
  176  16:00  Overlord  
  176  16:02  Overlord x2  
  176  16:11  Overlord  
  176  16:12  Pathogen Glands  
  176  16:19  Infestor x4  
  176  16:22  Drone  
  176  16:25  Infestor x10  
  185  16:26  Infestor  
  185  16:27  Infestor  
  189  16:35  Drone x4  
  187  16:42  Roach x2  
  187  16:43  Roach  
  195  16:47  Roach  
  195  16:49  Roach  
  195  16:54  Ravager x2  
  197  17:04  Roach  
  197  17:06  Ravager  
  200  17:19  Hydralisk Den  
  199  17:24  Infestor  
  199  17:26  Hatchery  
  199  17:28  Drone  
  199  17:29  Drone  
  163  18:10  Roach x15  
  163  18:11  Infestor x2  
  163  18:12  Infestor x4  
  118  18:52  Roach  
  104  18:58  Ravager x10  
  108  19:08  Ravager x3  
Show
View Real Time Build Order
Export as new Build Order

goblin Protoss - Winner!

Build Orders: 1 Gate Expand, Phoenix Opening, Carriers, Mass Phoenix 

Get SALT Encoding   

  12  0:00  Probe  
  13  0:12  Probe  
  14  0:19  Pylon  
  14  0:24  Probe (Chrono Boost)  
  15  0:37  Probe (Chrono Boost)  
  15  0:38  Gateway  
  16  0:45  Probe (Chrono Boost)  
  16  0:47  Assimilator  
  17  0:51  Probe  
  17  0:55  Assimilator  
  18  1:03  Probe (Chrono Boost)  
  19  1:13  Probe (Chrono Boost)  
  19  1:18  Probe (Chrono Boost)  
  21  1:30  Probe  
  22  1:34  Nexus  
  22  1:42  Probe  
  22  1:45  Pylon  
  23  1:53  Cybernetics Core  
  23  2:03  Probe  
  24  2:15  Probe  
  25  2:26  Stalker (Chrono Boost)  
  25  2:27  Probe  
  28  2:32  Stargate  
  28  2:35  Gateway  
  28  2:42  Probe (Chrono Boost)  
  28  2:44  Shield Battery  
  29  2:47  Probe (Chrono Boost)  
  29  2:49  Adept  
  32  2:56  Probe (Chrono Boost)  
  32  2:57  Probe (Chrono Boost)  
  34  3:03  Probe  
  34  3:04  Probe  
  36  3:08  Protoss Air Weapons Level 1  
  36  3:11  Stargate  
  36  3:15  Probe  
  36  3:16  Probe, Assimilator  
  38  3:22  Phoenix (Chrono Boost)  
  41  3:27  Probe, Assimilator  
  41  3:30  Probe  
  41  3:33  Pylon  
  42  3:39  Probe  
  43  3:42  Probe  
  43  3:47  Phoenix (Chrono Boost)  
  46  3:51  Probe  
  46  3:53  Phoenix (Chrono Boost)  
  49  3:56  Probe  
  49  3:59  Pylon  
  50  4:08  Phoenix (Chrono Boost)  
  54  4:14  Phoenix (Chrono Boost)  
  54  4:17  Probe x2  
  54  4:19  Pylon  
  56  4:29  Phoenix (Chrono Boost)  
  56  4:30  Phoenix (Chrono Boost)  
  58  4:36  Probe  
  58  4:37  Probe  
  58  4:38  Shield Battery  
  62  4:51  Pylon  
  62  4:52  Probe x2  
  64  4:54  Phoenix (Chrono Boost)  
  64  4:59  Phoenix (Chrono Boost)  
  68  5:02  Warp Gate  
  68  5:09  Adept x2  
  68  5:10  Phoenix  
  74  5:19  Phoenix (Chrono Boost)  
  76  5:32  Pylon  
  76  5:33  Pylon  
  78  5:42  Phoenix (Chrono Boost)  
  78  5:44  Pylon  
  78  5:50  Phoenix (Chrono Boost)  
  78  5:56  Gateway x2  
  80  5:57  Probe x2  
  80  6:00  Gateway, Phoenix  
  84  6:04  Pylon  
  84  6:10  Phoenix  
  86  6:25  Phoenix (Chrono Boost)  
  86  6:35  Phoenix (Chrono Boost)  
  82  6:42  Twilight Council  
  82  6:46  Phoenix (Chrono Boost)  
  83  6:52  Phoenix (Chrono Boost)  
  83  6:53  Adept x3  
  91  6:54  Shield Battery x2  
  91  6:56  Zealot x2  
  91  6:57  Shield Battery  
  91  7:01  Shield Battery  
  95  7:05  Phoenix  
  97  7:15  Phoenix  
  99  7:28  Charge (Chrono Boost)  
  97  7:30  Phoenix  
  97  7:34  Zealot  
  97  7:35  Zealot x4  
  107  7:39  Pylon  
  107  7:40  Phoenix, Pylon  
  109  7:57  Phoenix  
  111  8:00  Forge  
  111  8:09  Zealot x3  
  111  8:10  Zealot, Stalker  
  121  8:24  Phoenix  
  113  8:27  Phoenix  
  109  8:37  Zealot  
  109  8:38  Zealot x4  
  109  8:41  Protoss Ground Weapons Level 1  
  113  8:49  Phoenix  
  115  9:01  Zealot x3  
  115  9:02  Zealot  
  117  9:07  Phoenix  
  105  9:12  Zealot  
  101  9:26  Zealot x3  
  101  9:29  Void Ray x2 (Chrono Boost)  
  105  9:32  Zealot x2  
  101  9:59  Zealot x3  
  105  10:05  Phoenix x2  
  99  10:21  Zealot x3  
  105  10:30  Phoenix x2  
  109  10:41  Nexus  
  109  10:50  Pylon  
  109  10:57  Phoenix x2  
  111  11:03  Templar Archives  
  107  11:21  Phoenix (Chrono Boost)  
  107  11:22  Phoenix (Chrono Boost)  
  111  11:33  Probe x2  
  111  11:38  Protoss Ground Weapons Level 2 (Chrono Boost)  
  111  11:44  Phoenix x2 (Chrono Boost)  
  111  12:13  Phoenix x2  
  115  12:16  Fleet Beacon  
  115  12:17  Assimilator  
  115  12:18  Assimilator  
  115  12:22  Pylon  
  115  12:32  Void Ray x2  
  115  12:37  Photon Cannon  
  115  12:39  Shield Battery  
  115  12:40  Pylon  
  115  12:42  High Templar x2  
  127  12:47  Archon  
  127  12:49  Probe  
  128  12:55  Robotics Facility  
  128  12:57  Pylon  
  128  13:03  Anion Pulse-Crystals  
  128  13:10  Psionic Storm  
  126  13:23  High Templar  
  126  13:24  High Templar  
  130  13:28  Photon Cannon  
  130  13:29  Photon Cannon, Pylon  
  130  13:33  Shield Battery  
  130  13:40  High Templar  
  130  13:43  High Templar  
  132  13:52  Observer (Chrono Boost)  
  133  13:55  Pylon  
  133  13:59  Photon Cannon  
  133  14:00  Shield Battery  
  133  14:04  Immortal (Chrono Boost)  
  137  14:15  High Templar  
  139  14:30  Immortal (Chrono Boost)  
  139  14:32  Probe  
  139  14:37  Carrier x2 (Chrono Boost)  
  156  14:55  Nexus  
  156  14:56  Pylon  
  156  15:02  Immortal (Chrono Boost)  
  160  15:08  Protoss Ground Weapons Level 3  
  160  15:12  Protoss Air Weapons Level 2 (Chrono Boost)  
  160  15:13  Photon Cannon  
  158  15:23  Assimilator  
  158  15:24  Assimilator  
  158  15:26  Pylon  
  158  15:33  Observer (Chrono Boost)  
  159  15:43  High Templar x2  
  159  15:45  Observer  
  159  15:47  Archon  
  152  16:22  Carrier (Chrono Boost)  
  152  16:25  Photon Cannon  
  158  16:27  Photon Cannon  
  158  16:29  Photon Cannon  
  158  16:32  Carrier (Chrono Boost), Shield Battery  
  164  16:34  Shield Battery  
  164  16:36  Pylon  
  164  16:39  Immortal (Chrono Boost)  
  168  17:06  Zealot x2  
  168  17:07  Zealot x3  
  178  17:14  Carrier (Chrono Boost)  
  178  17:15  Carrier (Chrono Boost)  
  190  17:27  Probe x2  
  192  17:35  Zealot x3  
  194  18:13  Carrier (Chrono Boost)  
  164  18:39  High Templar x2  
  164  18:40  Zealot x3  
  148  19:12  Zealot x5  
Tags
 
Add a new tag
Caveats
  • Supply blocks, unpowered buildings, or Contaminate may cause inaccurate times.
  • Supply counts are checked every 10 seconds.